 Dungeon Crawl Stone Soup version 0.28-a0-628-g3c9886e45e (webtiles) character file.

Game seed: 13244086060274343389

9608 bande the Cleaver (level 11, -12/67 HPs)
             Began as a Gargoyle Fighter on Oct 8, 2021.
             Was a High Priest of Okawaru.
             Mangled by a boulder beetle (29 damage)
             ... on level 2 of the Lair of Beasts.
             The game lasted 00:18:43 (12499 turns).

bande the Cleaver (Gargoyle Fighter)               Turns: 12499, Time: 00:18:44

Health: -12/67     AC: 23    Str: 25    XL:     11   Next: 49%
Magic:  16/16      EV: 10    Int: 10    God:    Okawaru [*****.]
Gold:   387        SH:  5    Dex: 11    Spells: 9/10 levels left

rFire   . . .      SeeInvis +   j - +1 broad axe (freeze)
rCold   x . .      Faith    .   c - +0 buckler
rNeg    + . .      Spirit   .   y - +1 scale mail of Mirth {rC- Regen+ Str+5 SInv}
rPois   ∞          Reflect  .   (no helmet)
rElec   +          Harm     .   p - +2 cloak
rCorr   .          Rampage  .   (no gloves)
Will    .....                   n - +1 pair of boots
Stlth   ..........              (no amulet)
HPRegen 1.21/turn               (no ring)
MPRegen 0.15/turn               (no ring)

@: no status effects
A: sickness immunity, AC +8, negative energy resistance 1, electricity
resistance, torment resistance 1, petrification resistance
a: Renounce Religion, Heroism, Finesse, Duel


You were on level 2 of the Lair of Beasts.
You worshipped Okawaru.
Okawaru was extremely pleased with you.
You visited 3 branches of the dungeon, and saw 11 of its levels.

You collected 387 gold pieces.

Inventory:

Hand Weapons
 a - a +0 war axe
 h - a +1 hand axe of flaming
 j - a +1 broad axe of freezing (weapon)
Missiles
 b - a throwing net (quivered)
Armour
 c - a +0 buckler (worn)
 n - a +1 pair of boots (worn)
 p - a +2 cloak (worn)
 r - a +0 plate armour
 y - the +1 scale mail of Mirth (worn) {rC- Regen+ Str+5 SInv}
   (Okawaru gifted it to you on level 2 of the Lair of Beasts)

   Str:       It affects your strength (+5).
   rC:        It makes you vulnerable to cold.
   SInv:      It lets you see invisible.
   Regen:     It increases your rate of health regeneration.
Jewellery
 e - a ring of ice
 l - a ring of fire
 x - a ring of willpower
Wands
 o - a wand of iceblast (9)
Scrolls
 f - a scroll of enchant weapon
 g - 8 scrolls of teleportation
Potions
 d - a potion of resistance {unknown}
 i - 2 potions of heal wounds {unknown}
 k - a potion of berserk rage {unknown}
 m - 2 potions of attraction {unknown}
 q - 2 potions of brilliance {unknown}
 s - 2 potions of flight {unknown}
 t - 2 potions of cancellation {unknown}
 u - a potion of haste {unknown}
 v - 2 potions of curing
 w - a potion of degeneration {unknown}


   Skills:
 + Level 7.6 Fighting
 + Level 10.0 Axes
 + Level 8.3 Armour
 + Level 5.8 Shields
 * Level 5.2 Translocations
 * Level 6.9 Invocations
 * Level 3.6 Evocations


You had 9 spell levels left.
You knew the following spells:

 Your Spells              Type           Power      Damage    Failure   Level
a - Apportation           Tloc           20%        N/A       10%         1

Your spell library contained the following spells:

 Spells                   Type           Power      Damage    Failure   Level
 Blink                    Tloc           N/A        N/A       14%         2
 Sandblast                Erth           0%         2d4       63%         1
 Shock                    Conj/Air       0%         1d3       63%         1
 Passwall                 Tmut/Erth      0%         N/A       77%         2
 Stone Arrow              Conj/Erth      0%         3d7       94%         3
 Swiftness                Air            0%         N/A       94%         3
 Manifold Assault         Tloc           10%        N/A       95%         5
 Airstrike                Air            0%         N/A       100%        4
 Eringya's Noxious Bog    Tmut/Pois      0%         N/A       100%        6
 Storm Form               Tmut/Air       0%         N/A       100%        7
 Animate Skeleton         Necr           Unusable   N/A       N/A         1
 Summon Small Mammal      Summ           Unusable   N/A       N/A         1
 Summon Forest            Summ/Tloc      Unusable   N/A       N/A         5
 Summon Hydra             Summ           Unusable   N/A       N/A         7

Dungeon Overview and Level Annotations

Branches:
Dungeon (8/15)             Temple (1/1) D:4            Lair (2/6) D:8
  Swamp: Lair:2-4    Shoals: Lair:2-4     Snake: Lair:2-4    Spider: Lair:2-4

Altars:
Ashenzari
Cheibriados
Dithmenos
Elyvilon
Fedhas
Gozag
Hepliaklqana
Kikubaaqudgha
Makhleb
Nemelex Xobeh
Okawaru
Qazlal
Ru
Sif Muna
Trog
Uskayaw
Vehumet
Wu Jian
Xom
Yredelemnul
Zin
The Shining One

Shops:
D:1 [   D:3 *


Innate Abilities, Weirdness & Mutations

You are immune to sickness and miasma.
Your stone body is resilient. (AC +8)
You are immune to poison.
You resist negative energy. (rN+)
You are resistant to electric shocks. (rElec)
You are resistant to unholy torment.
You are immune to petrification.


Message History

Okawaru accepts your kill.
You slash the wolf! You freeze the wolf.
You kill the wolf!
Okawaru accepts your kill.
You see here a wolf corpse.
You start resting.
A boulder beetle is nearby!
A boulder beetle is nearby!
A boulder beetle is nearby!
You hit the boulder beetle but do no damage.
The boulder beetle barely misses you.
You completely miss the boulder beetle.
The boulder beetle waves its antennae.
The boulder beetle barely misses you. The boulder beetle bites you!
You hit the boulder beetle. You freeze the boulder beetle.
The boulder beetle is lightly wounded.
The boulder beetle bites you.
You barely miss the boulder beetle.
The boulder beetle is lightly wounded.
The boulder beetle barely misses you.
You hit the boulder beetle. You freeze the boulder beetle.
The boulder beetle is lightly wounded.
The boulder beetle bites you!
* * * LOW HITPOINT WARNING * * *
You hit the boulder beetle. You freeze the boulder beetle.
The boulder beetle is lightly wounded.
The boulder beetle closely misses you.
You slash the boulder beetle! You freeze the boulder beetle.
The boulder beetle is moderately wounded.
The boulder beetle bites you but does no damage.
You hit the boulder beetle but do no damage.
The boulder beetle is moderately wounded.
The boulder beetle barely misses you.
You hit the boulder beetle but do no damage.
The boulder beetle is moderately wounded.
The boulder beetle leaps!
The boulder beetle curls into a ball and begins rolling!
A boulder beetle is nearby!
The boulder beetle hits you!!
You die...

.............###..#### #....#..
.............###...#####...#..<
.............##......#.#...P...
............°##........#.....##
.............°.............####
.......#..)...○.............#
........##....○#............###
#...#.........B#............#.#
...P..........@#.........###...
#........†.†.####......####...
##..#....:.†.# #........##....
#.###.....†......#....##..#..
## #...........##......###..
#..###...............# #.. ....
#.#.....###.....####. .....
####...## ###....##.. ....
....# #.........


You could see a boulder beetle (rolling).

Vanquished Creatures
  2 hydras
  A two-headed ogre (D:8)
  3 centaur zombies
  3 cane toads (Lair:1)
  A rime drake (Lair:1)
  A troll (D:6)
  4 blink frogs (Lair:2)
  A basilisk (Lair:1)
  6 yaks (Lair:2)
  Sigmund (D:5)
  6 water moccasins
  2 sky beasts (D:6)
  3 black bears
  An ice beast (D:7)
  An ogre (D:6)
  A necrophage (D:7)
  10 wolves (Lair:2)
  3 centaurs
  A kobold brigand (D:7)
  4 bullfrogs
  A gnoll sergeant (D:8)
  4 scorpions
  A water moccasin skeleton (D:6)
  4 killer bees (D:7)
  A wight (D:6)
  2 bullfrog skeletons (D:4)
  2 centaur skeletons
  A jelly (D:8)
  3 hounds
  Crazy Yiuf (D:3)
  2 gnoll shamans
  2 orc priests
  6 iguanas
  An orc wizard (D:4)
  Robin (D:3)
  10 gnolls
  7 adders
  A shadow imp (D:7)
  2 white imps
  An ufetubus (D:6)
  3 dart slugs
  A worm (D:2)
  21 orcs
  7 ball pythons
  5 bats
  5 endoplasms
  7 giant cockroaches
  13 goblins
  7 hobgoblins
  3 jackals (D:4)
  2 quokkas
  A frilled lizard (D:3)
  10 kobolds
  10 rats
203 creatures vanquished.

Vanquished Creatures (others)
  A goblin (D:3)
  28 fungi
  33 plants
62 creatures vanquished.

Grand Total: 265 creatures vanquished

Notes
Turn   | Place    | Note
-------+----------+-------------------------------------------
     0 | D:1      | bande the Gargoyle Fighter began the quest for the Orb.
     0 | D:1      | Reached XP level 1. HP: 14/14 MP: 1/1
   151 | D:1      | Reached XP level 2. HP: 19/19 MP: 2/2
   158 | D:1      | Reached skill level 2 in Axes
   747 | D:1      | Found Guatics's Antique Armour Boutique.
   988 | D:1      | Reached XP level 3. HP: 23/23 MP: 3/3
  1441 | D:2      | You fall into a shaft and drop 1 floor!
  1441 | D:3      | Noticed Robin
  1448 | D:3      | Reached XP level 4. HP: 15/28 MP: 4/4
  1449 | D:3      | Killed Robin
  1753 | D:3      | Found Dangucy's General Store.
  1903 | D:2      | Found a faded altar of an unknown god.
  1910 | D:2      | Reached skill level 3 in Axes
  2263 | D:3      | Noticed a scorpion
  2391 | D:3      | Found a runed translucent door.
  2392 | D:3      | Noticed Crazy Yiuf
  2497 | D:3      | Killed a scorpion
  2498 | D:3      | Reached XP level 5. HP: 29/33 MP: 5/5
  2790 | D:3      | Killed Crazy Yiuf
  3228 | D:4      | Reached skill level 4 in Axes
  3260 | D:4      | Reached XP level 6. HP: 33/38 MP: 6/6
  3473 | D:4      | HP: 1/38 [orc priest/divine providence (11)]
  3481 | D:5      | Entered Level 5 of the Dungeon
  4231 | D:4      | Found a radiant altar of Vehumet.
  4607 | D:4      | Found a staircase to the Ecumenical Temple.
  4613 | Temple   | Entered the Ecumenical Temple
  4644 | Temple   | Became a worshipper of Warmaster Okawaru
  4710 | D:4      | Reached skill level 5 in Armour
  4710 | D:4      | Reached XP level 7. HP: 14/44 MP: 7/7
  5042 | D:4      | Identified the +0 scale mail of the Trombone {Harm rElec
                  | rPois}
  5504 | D:5      | Noticed Sigmund
  5524 | D:5      | Killed Sigmund
  5525 | D:5      | Reached skill level 5 in Axes
  5525 | D:5      | Reached skill level 1 in Invocations
  5754 | D:5      | Reached * piety under Okawaru
  5755 | D:5      | Reached skill level 5 in Fighting
  5755 | D:5      | Reached XP level 8. HP: 44/49 MP: 7/9
  5949 | D:5      | Reached skill level 6 in Axes
  6291 | D:6      | Learned a level 1 spell: Apportation
  6744 | D:6      | Reached skill level 1 in Translocations
  7323 | D:6      | Noticed a troll
  7344 | D:6      | Reached skill level 7 in Axes
  7344 | D:6      | Reached XP level 9. HP: 49/54 MP: 11/11
  7351 | D:6      | Killed a troll
  7351 | D:6      | Reached ** piety under Okawaru
  8546 | D:7      | Reached *** piety under Okawaru
  8930 | D:7      | Reached skill level 8 in Axes
  9122 | D:7      | Reached skill level 5 in Shields
  9427 | D:8      | Reached skill level 5 in Invocations
  9438 | D:8      | Reached XP level 10. HP: 50/61 MP: 13/13
  9499 | D:8      | Noticed a two-headed ogre
  9509 | D:8      | Killed a two-headed ogre
  9510 | D:8      | Reached skill level 1 in Evocations
  9510 | D:8      | Found a staircase to the Lair.
  9659 | D:8      | Received a gift from Okawaru
 10566 | Lair:1   | Entered Level 1 of the Lair of Beasts
 10605 | Lair:1   | Noticed a cane toad
 10616 | Lair:1   | Killed a cane toad
 10616 | Lair:1   | Reached **** piety under Okawaru
 10851 | Lair:1   | Reached skill level 9 in Axes
 11018 | Lair:1   | Noticed a cane toad
 11024 | Lair:1   | Killed a cane toad
 11075 | Lair:1   | Noticed a cane toad
 11083 | Lair:1   | Killed a cane toad
 11083 | Lair:1   | Reached ***** piety under Okawaru
 11612 | Lair:2   | Noticed a six-headed hydra
 11632 | Lair:2   | Killed a one-headed hydra
 11779 | Lair:2   | Reached XP level 11. HP: 45/67 MP: 15/15
 11782 | Lair:2   | Identified the +1 scale mail of Mirth {rC- Regen+ Str+5
                  | SInv} (Okawaru gifted it to you on level 2 of the Lair of
                  | Beasts)
 11782 | Lair:2   | Received a gift from Okawaru
 12076 | Lair:2   | Reached skill level 5 in Translocations
 12334 | Lair:2   | Noticed a boulder beetle
 12350 | Lair:2   | Noticed a five-headed hydra
 12403 | Lair:1   | Killed a one-headed hydra
 12404 | Lair:1   | Reached skill level 10 in Axes
 12499 | Lair:2   | Mangled by a boulder beetle

Illustrated notes

Levels and vault maps discovered:
D:1:      saegor_arrival_simple_b, layout_loops_cross, serial_shops,
          nicolae_shop_crystal, serial_aquarium, aquarium_bridge_square
          [aquarium_subvault_wall, aquarium_subvault_bridge,
          aquarium_subvault_bridge, aquarium_subvault_bridge],
          aquarium_bridge_long_joined [aquarium_subvault_bridge,
          aquarium_subvault_wall, aquarium_subvault_balcony,
          aquarium_subvault_wall, aquarium_subvault_bridge,
          aquarium_subvault_bridge], aquarium_window_1, aquarium_window_fake,
          aquarium_view_2c, minmay_tripent
D:2:      layout_rooms, hellmonk_ecumenical_altar_lost_god
D:3:      layout_rooms, serial_shops, shop, minmay_misc_feat_x, st_stairs_11,
          uniq_crazy_yiuf_cottage, uniq_robin
D:4:      layout_loops_ring, marbit_many_paths, minmay_temple_entry_fiery
D:5:      layout_cave_pods, serial_bayou_pond_d, uniq_sigmund
D:6:      minmay_recursive_quarters, layout_basic
D:7:      layout_basic
D:8:      layout_rooms, due_lair_maze_entry_diamond, serial_co_window_serial,
          co_window_cross_1, co_window_corner_a, co_window_paths_b,
          co_window_paths_a, co_window_corner_a, co_window_of_opportunity_a,
          co_window_paths_c, co_window_paths_c, co_window_broadway_a,
          co_window_corner_ca, co_window_cross_3, co_window_broadway_c,
          co_window_4corner_a, glass_columns_a, glass_columns_c,
          glass_columns_a, glass_columns_c
Temple:   nicolae_temple_the_god_donut
Lair:1:   layout_cellular_growth
Lair:2:   layout_layer_cave, minivault_26

Skill      XL: |  1  2  3  4  5  6  7  8  9 10 11 |
---------------+----------------------------------+-----
Axes           | 2 3 4 5 7 8 9 10 | 10.0
Armour         | 4 5 6 7 8 |  8.3
Fighting       | 4 5 6 7 |  7.6
Shields        | 4 5 |  5.8
Invocations    | 2 3 5 6 |  6.9
Translocations | 1 3 4 5 |  5.2
Evocations     | 2 3 |  3.6

Action                   |  1- 3 |  4- 6 |  7- 9 | 10-12 || total
-------------------------+-------+-------+-------+-------++-------
Melee: War axe           |    90 |   175 |    15 |       ||   280
       Broad axe         |       |       |   289 |   206 ||   495
       Hand axe          |       |       |       |    18 ||    18
  Use: Potion            |     1 |       |     1 |       ||     2
       Scroll            |       |     4 |     4 |     2 ||    10
Armor: Scale mail        |    56 |   101 |   125 |   124 ||   406
       Plate armour      |       |       |   186 |    90 ||   276
Dodge: Dodged            |    40 |    72 |   134 |   148 ||   394
Block: Buckler           |    19 |    32 |    89 |    68 ||   208

Table legend: (Time is in decaauts)
 A = Elapsed time spent in this place.
 B = Non-inter-level travel time spent in this place.
 C = Inter-level travel time spent in this place.
 D = Time resting spent in this place.
 E = Time spent auto-exploring this place.
 F = Levels seen in this place.
 G = Mean time per level.
                   A        B        C        D        E       F      G
               +--------+--------+--------+--------+--------+-----+--------+
         Total |  12689 |  12648 |     41 |   3399 |   6807 |  11 | 1153.5 |
       Dungeon |  10676 |  10635 |     41 |   2984 |   5746 |   8 | 1334.5 |
        Temple |     63 |     63 |      0 |      0 |     15 |   1 |   63.0 |
          Lair |   1949 |   1949 |      0 |    415 |   1046 |   2 |  974.5 |
               +--------+--------+--------+--------+--------+-----+--------+

Top non-repeatable levels by time:
     D:6: 1894 daAuts
     D:4: 1690 daAuts
     D:5: 1549 daAuts
     D:8: 1448 daAuts
     D:1: 1264 daAuts
     D:7: 1078 daAuts
     D:3: 1054 daAuts
  Lair:1: 1013 daAuts
  Lair:2: 935 daAuts
     D:2: 695 daAuts
  Temple: 63 daAuts
